 Dungeon Crawl Stone Soup version 0.19-a0-1827-g174f941 (webtiles) character file.

1631 dobroeutro the Basher (level 8, -5/53 HPs)
             Began as a Gargoyle Fighter on Oct 7, 2016.
             Was an Initiate of Okawaru.
             Slain by an orc warrior
             ... wielding a +0 glaive
              (18 damage)
             ... on level 7 of the Dungeon.
             The game lasted 00:14:23 (5849 turns).

dobroeutro the Basher (Gargoyle Fighter)            Turns: 5849, Time: 00:14:24

Health: -5/53      AC: 19    Str: 20      XL:     8   Next: 98%
Magic:  17/17      EV:  7    Int:  8 (10) God:    Okawaru [......]
Gold:   229        SH:  8    Dex:  7 (10) Spells: 0 memorised, 7 levels left

rFire  + . .     SeeInvis +     a - +0 flail
rCold  . . .     Gourm    +     t - +3 scale mail {rF+}
rNeg   + . .     Faith    .     c - +0 shield
rPois  ∞         Spirit   .     e - +2 helmet
rElec  +         Dismiss  .     w - +0 cloak
rCorr  .         Reflect  .     (no gloves)
MR     .....     Harm     .     (no boots)
Stlth  ..........               k - amulet of the gourmand
                                H - ring of see invisible
                                r - ring of magical power

@: no status effects
A: negative energy resistance 1, electricity resistance, unbreathing,
petrification resistance, rot immunity, AC +5
a: Renounce Religion


You were on level 7 of the Dungeon.
You worshipped Okawaru.
Okawaru was noncommittal.
You were very full.

You visited 2 branches of the dungeon, and saw 8 of its levels.

You collected 229 gold pieces.

Inventory:

Hand Weapons
 a - a +0 flail (weapon)
Armour
 b - a +0 scale mail
 c - a +0 shield (worn)
 e - a +2 helmet (worn)
 t - a +3 scale mail of fire resistance (worn)
 w - a +0 cloak (worn)
Jewellery
 k - an amulet of the gourmand (around neck)
 r - a ring of magical power (left hand)
 y - an uncursed ring of wizardry
 H - a ring of see invisible (right hand)
Scrolls
 h - 3 scrolls of enchant armour
 i - 2 scrolls of recharging {unknown}
 j - 4 scrolls of magic mapping {unknown}
 l - 5 scrolls of remove curse {unknown}
 n - 9 scrolls of identify {unknown}
 q - 3 scrolls of immolation {unknown}
 u - 2 scrolls of enchant weapon {unknown}
 x - a scroll of fear {unknown}
 B - a scroll of amnesia {unknown}
 D - 3 scrolls of teleportation {unknown}
 G - a scroll of fog {unknown}
 I - a scroll of blinking {unknown}
Potions
 d - 5 potions of might
 g - a potion of mutation {unknown}
 p - 2 potions of curing {unknown}
 s - a potion of agility
 v - a potion of invisibility {unknown}
 z - a potion of haste {unknown}
 A - a potion of degeneration
 C - a potion of berserk rage
 F - a potion of heal wounds {unknown}
Comestibles
 f - 6 bread rations
 m - a beef jerky
 o - a slice of pizza
 E - 5 meat rations


   Skills:
 + Level 7.6 Fighting
 * Level 9.1 Maces & Flails
 - Level 4.0 Armour
 - Level 3.2 Shields


You had 7 spell levels left.
You didn't know any spells.

Dungeon Overview and Level Annotations

Branches:
Dungeon (7/15)             Temple (1/1) D:7

Altars:
Ashenzari
Cheibriados
Dithmenos
Elyvilon
Fedhas
Gozag
Hepliaklqana
Makhleb
Nemelex Xobeh
Okawaru
Qazlal
Ru
Trog
Uskayaw
Vehumet
Xom
Yredelemnul
Zin
The Shining One

Annotations:
D:3 Sigmund


Innate Abilities, Weirdness & Mutations

You are resistant to torment.
Your stone body is resilient. (AC +5)
You are immune to poison.
You resist negative energy. (rN+)
You are resistant to electric shocks. (rElec)
You can survive without breathing.
You are immune to petrification.
You are immune to rotting.


Message History

The orc warrior is heavily wounded.
The orc warrior hits you with a glaive!
You hit the orc warrior.
The orc warrior is heavily wounded.
The orc warrior hits you with a glaive.
You sock the orc warrior!
The orc warrior is severely wounded.
You block the orc warrior's attack.
You hit the orc warrior but do no damage.
The orc warrior is severely wounded.
You barely miss the orc warrior.
The orc warrior is severely wounded.
The orc warrior hits you with a glaive!
* * * LOW HITPOINT WARNING * * *
You are too injured to fight recklessly!
You are too injured to fight recklessly!
You barely miss the orc warrior.
The orc warrior is severely wounded.
The orc warrior hits you with a glaive!!
You die...

<).........##.#...#.#
##########.##.#...#
..............#...#
######.###..#.....#
#.........#.#.#[#
#.....##......#.# #
#.....##..#.###.#.##.#
####..##..#....[.....#
#..##..#...@##.####
#..##..#...o##.#
##.##..#...... . ##
#.##..#....## ## ...
#..#..##...#
....#..#.......'
....#..#.###...###
.........##......###
......(.O...>......#


You could see an orc warrior.

Vanquished Creatures
  2 ice beasts
  A black bear (D:6)
  A sky beast (D:5)
  2 phantoms
  A centaur (D:6)
  Blork the orc (D:5)
  A scorpion (D:4)
  2 crimson imps
  A centaur zombie (D:5)
  A hound (D:6)
  2 orc priests
  Terence (D:2)
  2 iguanas
  7 orc wizards
  4 worker ants
  A worker ant zombie (D:6)
  3 gnolls (D:4)
  10 adders
  A shadow imp (D:6)
  2 oozes
  An adder skeleton (D:5)
  3 worms
  3 dart slugs
  5 leopard geckos
  30 orcs
  8 giant cockroaches
  7 goblins
  4 hobgoblins
  36 jackals
  3 quokkas
  A ball python (D:1)
  A ball python skeleton (D:5)
  A ball python zombie (D:6)
  5 bats
  8 frilled lizards
  6 kobolds
  A leopard gecko zombie (D:6)
  7 rats
176 creatures vanquished.

Notes
Turn   | Place    | Note
-------+----------+-------------------------------------------
     0 | D:1      | dobroeutro the Gargoyle Fighter began the quest for the Orb.
     0 | D:1      | Reached XP level 1. HP: 14/14 MP: 1/1
   246 | D:1      | Reached XP level 2. HP: 19/19 MP: 2/2
   739 | D:2      | Reached skill level 3 in Maces & Flails
   753 | D:2      | Reached XP level 3. HP: 14/23 MP: 3/3
  1205 | D:2      | Reached XP level 4. HP: 19/29 MP: 4/4
  1522 | D:2      | Noticed Terence
  1541 | D:2      | Killed Terence
  1811 | D:3      | Reached XP level 5. HP: 30/33 MP: 5/5
  1813 | D:3      | Reached skill level 4 in Maces & Flails
  1905 | D:3      | Noticed Sigmund
  2258 | D:3      | Found a bloodstained altar of Trog.
  2311 | D:3      | Found a glowing silver altar of Zin.
  2798 | D:4      | Reached XP level 6. HP: 39/39 MP: 6/6
  2856 | D:4      | Found a white marble altar of Elyvilon.
  2948 | D:4      | Reached skill level 5 in Maces & Flails
  3026 | D:4      | Found a bloodstained altar of Trog.
  3239 | D:4      | Reached skill level 5 in Fighting
  3673 | D:5      | Entered Level 5 of the Dungeon
  3866 | D:5      | Found a basalt altar of Yredelemnul.
  3867 | D:5      | Found a shattered altar of Ashenzari.
  3921 | D:5      | Reached XP level 7. HP: 42/44 MP: 7/7
  3976 | D:5      | Reached skill level 6 in Maces & Flails
  4036 | D:5      | Noticed Blork the orc
  4051 | D:5      | Killed Blork the orc
  4203 | D:5      | Reached skill level 7 in Maces & Flails
  4266 | D:5      | Reached XP level 8. HP: 52/52 MP: 8/8
  4641 | D:6      | Reached skill level 8 in Maces & Flails
  5543 | D:7      | Found a staircase to the Ecumenical Temple.
  5549 | Temple   | Entered the Ecumenical Temple
  5609 | Temple   | Became a worshipper of Warmaster Okawaru
  5692 | D:7      | Reached skill level 9 in Maces & Flails
  5849 | D:7      | Slain by an orc warrior

Vault maps used:
D:1:      lemuel_arrival_hallway
D:2:      first_bread, uniq_terence
D:3:      nicolae_overflow_hidden_temple, uniq_sigmund
D:4:      elyvilon_altar_1, bloody_trog
D:5:      gammafunk_temple_overflow_pools, uniq_blork_the_orc
D:6:      kennysheep_generic_room_10
D:7:      old_forge
Temple:   nicolae_temple_great_sept

Skill      XL: |  1  2  3  4  5  6  7  8 |
---------------+-------------------------+-----
Maces & Flails | 3 4 5 7 9 |  9.1
Fighting       | 4 5 6 7 |  7.6
Armour         | 4 |  4.0
Shields        | |  3.2

Action                   |  1- 3 |  4- 6 |  7- 9 || total
-------------------------+-------+-------+-------++-------
Melee: Flail             |   141 |   367 |   355 ||   863
  Use: Potion            |       |       |     2 ||     2
       Scroll            |       |       |     1 ||     1
  Eat: Chunk             |     1 |    23 |     6 ||    30
Armor: Scale mail        |   200 |   246 |   230 ||   676
Dodge: Dodged            |   102 |   111 |    98 ||   311
Block: Shield            |   152 |   188 |   186 ||   526
